 Dungeon Crawl Stone Soup version 0.29-a0-648-g6b26cc9f40 (webtiles) character file.

Game seed: 14003993924681843688

74 KristoblXynda the Insei (level 4, 0/35 HPs)
             Began as a Demonspawn Monk on June 20, 2022.
             Slain by Sigmund
             ... wielding a +0 scythe
              (8 damage)
             ... on level 3 of the Dungeon.
             The game lasted 00:02:19 (3487 turns).

KristoblXynda the Insei (Demonspawn Monk)           Turns: 3487, Time: 00:02:20

Health: 0/35       AC:  6    Str: 10 (13) XL:     4   Next: 10%
Magic:  4/4        EV: 11    Int:  9 (12) God:
Gold:   142        SH:  0    Dex: 12 (15) Spells: 3/3 levels left

rFire   . . .      SeeInvis .     - Unarmed
rCold   . . .      Faith    .   (no shield)
rNeg    . . .      Spirit   .   d - +0 ring mail
rPois   .          Reflect  .   (helmet restricted)
rElec   .          Harm     .   (no cloak)
rCorr   .          Rampage  .   m - +0 pair of gloves
Will    .....                   (no boots)
Stlth   +.........              (no amulet)
HPRegen 0.11/turn               (no ring)
MPRegen 0.09/turn               (no ring)

@: hasted, very quick
A: antennae 2
a: no special abilities


You were on level 3 of the Dungeon.
You visited 1 branch of the dungeon, and saw 3 of its levels.

You collected 142 gold pieces.

Inventory:

Armour
 d - a +0 ring mail (worn)
 m - a +0 pair of gloves (worn)
Scrolls
 a - a scroll of enchant weapon
 f - a scroll of amnesia {unknown}
 h - a scroll of acquirement {unknown}
 k - 2 scrolls of blinking {unknown}
 l - 3 scrolls of teleportation {unknown}
 n - a scroll of fog {unknown}
 p - a scroll of enchant armour {unknown}
 q - a scroll of immolation {unknown}
Potions
 b - a potion of ambrosia
 e - a potion of resistance
 g - a potion of heal wounds {unknown}


   Skills:
 - Level 3.1 Fighting
 + Level 1.2 Armour
 + Level 3.2 Dodging
 - Level 1.7 Stealth
 * Level 3.7 Unarmed Combat


You had 3 spell levels left.
You didn't know any spells.
Your spell library contained the following spells:

 Spells                   Type           Power      Damage    Failure   Level
 Beastly Appendage        Tmut           0%         N/A       71%         1
 Wereblood                Tmut           0%         N/A       83%         2
 Spider Form              Tmut/Pois      0%         N/A       97%         3


Dungeon Overview and Level Annotations

Branches:
Dungeon (3/15)

Altars:
Yredelemnul

Annotations:
D:3 Sigmund


Innate Abilities, Weirdness & Mutations

You have a pair of antennae on your head.


Message History

No target in view!
No target in view!
No target in view!
No target in view!
No target in view!
No target in view!
No target in view!
No target in view!
No target in view!
No target in view!
You sense a monster nearby.
You feel yourself speed up.
Sigmund mumbles some strange words.
Sigmund flickers and vanishes!
Deactivating autopickup; reactivate with Ctrl-A.
A magic dart appears from out of thin air!
The magic dart hits you.
A magic dart appears from out of thin air!
The magic dart hits you. Something hits you.
You barely miss something. You punch something. You hit something.
You hit something but do no damage. Something hits you.
You barely miss something. You hit something.
Something hits you but does no damage.
You miss something. You barely miss something. You barely miss something.
You hear some strange, mumbled words.
A puff of flame appears from out of thin air!
The puff of flame hits you!
* * * LOW HITPOINT WARNING * * *
You hit something. Something hits you!
* * * LOW HITPOINT WARNING * * *
You feel better.
It was a potion of degeneration.
There was something very wrong with that liquid.
You feel weakened.
You feel dopey.
You feel clumsy.
You hit something. Something hits you!
You die...

#.# #.# #.# #.#
#.# #.#
###.#########
#........@{.#
#.#.#######.# ..
#.####### #
#....#.......#
#............#
###..#####.#.#.#
# #.. #.#.#.# .
#.. #.#.#{..#
.#.. #..#
#.#.#{#.# .#..


There were no monsters in sight!

Vanquished Creatures
  An adder (D:2)
  2 dart slugs (D:1)
  9 bats
  9 endoplasms
  A giant cockroach (D:1)
  2 goblins
  7 hobgoblins
  4 jackals (D:1)
  7 kobolds
  3 quokkas
  A frilled lizard (D:1)
  5 rats
51 creatures vanquished.

Notes
Turn   | Place    | Note
-------+----------+-------------------------------------------
     0 | D:1      | KristoblXynda the Demonspawn Monk began the quest for the
                  | Orb.
     0 | D:1      | Reached XP level 1. HP: 18/18 MP: 1/1
   126 | D:1      | Gained mutation: You have a pair of small antennae on your
                  | head. [demonic ancestry]
   126 | D:1      | Reached XP level 2. HP: 12/24 MP: 2/2
  1247 | D:1      | Reached XP level 3. HP: 28/29 MP: 3/3
  2230 | D:2      | Reached skill level 1 in Armour
  2715 | D:2      | Found a basalt altar of Yredelemnul.
  2892 | D:2      | Found a faded altar of an unknown god.
  3086 | D:2      | Gained mutation: You have a pair of antennae on your head.
                  | [demonic ancestry]
  3086 | D:2      | Reached XP level 4. HP: 20/35 MP: 4/4
  3334 | D:3      | Noticed Sigmund
  3487 | D:3      | Slain by Sigmund

Illustrated notes

Levels and vault maps discovered:
D:1:      dpeg_arrival_ternary, layout_basic, chequers_serial_rivers_small_3
D:2:      layout_basic, basic_altar, hellmonk_ecumenical_altar_lost_god
D:3:      layout_basic, uniq_terence, uniq_sigmund, uniq_jessica

Skill      XL: |  1  2  3 |
---------------+----------+-----
Unarmed Combat | 3 |  3.7
Dodging        | 3 |  3.2
Armour         | 1 |  1.2
Fighting       | |  3.1
Stealth        | |  1.7

Action                   |  1- 3 |  4- 6 || total
-------------------------+-------+-------++-------
Melee: Unarmed           |   209 |    19 ||   228
       Punch             |     7 |     2 ||     9
  Use: Scroll            |       |     4 ||     4
       Potion            |       |     3 ||     3
 Stab: Sleeping          |     1 |       ||     1
Armor: Robe              |    10 |       ||    10
       Ring mail         |    70 |     5 ||    75
Dodge: Dodged            |   121 |     9 ||   130

Table legend: (Time is in decaauts)
 A = Elapsed time spent in this place.
 B = Non-inter-level travel time spent in this place.
 C = Inter-level travel time spent in this place.
 D = Time resting spent in this place.
 E = Time spent auto-exploring this place.
 F = Levels seen in this place.
 G = Mean time per level.
                   A        B        C        D        E       F      G
               +--------+--------+--------+--------+--------+-----+--------+
         Total |   3475 |   3434 |     41 |    987 |   1965 |   3 | 1158.3 |
       Dungeon |   3475 |   3434 |     41 |    987 |   1965 |   3 | 1158.3 |
               +--------+--------+--------+--------+--------+-----+--------+

Top non-repeatable levels by time:
     D:1: 1736 daAuts
     D:2: 1679 daAuts
     D:3: 59 daAuts
